 Dungeon Crawl Stone Soup version 0.29-a0-789-g7a8fcbc185 (webtiles) character file.

Game seed: 266617908439775688

267 nxtlvl the Chopper (level 6, -3/54 (60) HPs)
             Began as a Naga Gladiator on July 2, 2022.
             Slain by a wight
             ... wielding a +0 war axe
              (5 damage)
             ... on level 4 of the Dungeon.
             The game lasted 00:05:49 (737 turns).

nxtlvl the Chopper (Naga Gladiator)                  Turns: 737, Time: 00:05:50

HP:   -3/54 (60)    AC:  7    Str: 18    XL:     6   Next: 21%
MP:   6/6           EV:  5    Int:  9    God:
Gold: 75            SH:  5    Dex: 12    Spells: 5/5 levels left

rFire   . . .      SeeInvis +   a - +0 war axe
rCold   . . .      Faith    .   (no shield)
rNeg    . . .      Spirit   .   t - +0 chain mail
rPois   +          Reflect  +   c - +0 helmet
rElec   .          Harm     .   (no cloak)
rCorr   .          Rampage  .   (no gloves)
Will    .....                   (no barding)
Stlth   ..........              i - amulet of reflection
HPRegen 0.18/turn               (no ring)
MPRegen 0.10/turn               (no ring)

@: brilliant, on berserk cooldown, hasted, heavily drained, quick
A: AC +2, large, see invisible, deformed body, poison resistance, slowness 2,
spit poison 1, naga tail 1
a: Spit Poison


You were on level 4 of the Dungeon.
You visited 1 branch of the dungeon, and saw 4 of its levels.

You collected 75 gold pieces.

Inventory:

Hand Weapons
 a - a +0 war axe (weapon)
 v - a +0 morningstar
 w - a +3 scimitar
Missiles
 d - 3 throwing nets (quivered)
 e - a javelin
 j - 9 poisoned darts
Armour
 c - a +0 helmet (worn)
 t - a +0 chain mail (worn)
Jewellery
 i - an amulet of reflection (around neck)
Wands
 p - a wand of polymorph (7)
Scrolls
 f - a scroll of magic mapping {unknown}
 g - a scroll of noise {unknown}
 h - a scroll of immolation {unknown}
 k - a scroll of enchant armour {unknown}
 n - 2 scrolls of identify {unknown}
 o - a scroll of poison {unknown}
 q - a scroll of vulnerability {unknown}
 x - a scroll of acquirement {unknown}
Potions
 b - a potion of flight
 s - a potion of berserk rage


   Skills:
 + Level 4.9 Fighting
 - Level 5.0 Axes
 - Level 1.7 Throwing
 - Level 2.4 Dodging


You had 5 spell levels left.
You didn't know any spells.
Your spell library was empty.

Dungeon Overview and Level Annotations

Branches:
Dungeon (4/15)
 Temple: D:4-7

Altars:

Annotations:
D:4 exclusion: upstairs


Innate Abilities, Weirdness & Mutations

Your serpentine skin is tough. (AC +2)
You have supernaturally acute eyesight. (SInv)
Armour fits poorly on your strangely shaped body.
Your system is resistant to poisons. (rPois)
You cover ground very slowly.
You can spit poison.
You have a snake-like lower body.


Message History

A wight comes into view. It is wielding a +0 war axe.
The wight hits you but does no damage. You block the wight's attack.
You barely miss the wight. The wight hits you with a +0 war axe.
* * * LOW HITPOINT WARNING * * *
You feel drained.
You hit the wight.
The wight is lightly damaged.
The wight hits you with a +0 war axe.
* * * LOW HITPOINT WARNING * * *
You barely miss the wight.
The wight is lightly damaged.
You block the wight's attack. The wight hits you with a +0 war axe.
* * * LOW HITPOINT WARNING * * *
You feel drained.
* * * LOW HITPOINT WARNING * * *
You slash the wight!
The wight is severely damaged.
You feel yourself speed up. The wight hits you with a +0 war axe.
* * * LOW HITPOINT WARNING * * *
You feel drained.
* * * LOW HITPOINT WARNING * * *
You barely miss the wight.
The wight is severely damaged.
The wight barely misses you.
You closely miss the wight.
The wight is heavily damaged.
You hit the wight.
The wight is severely damaged.
You block the wight's attack.
You closely miss the wight.
The wight is severely damaged.
The wight hits you with a +0 war axe.
* * * LOW HITPOINT WARNING * * *
You feel drained.
* * * LOW HITPOINT WARNING * * *
You hit the wight.
The wight is severely damaged.
The wight hits you with a +0 war axe.
You die...

#.........)......#
#[##.##..........#
#.##.##........#.#
........#.........
#.$####........##.#
# .#.##
#......#.....
#.###.
#....>.......
#.#.##
#........##.# #z@.#
#........#..# ###.#
#............ #.#
#......).#.## #)#
####.##...... #)#
#.#####.##
###.######.# #.#
#.......##.#####.#
#.....#.##.......#
#.....#.##.#######


You could see a wight.

Vanquished Creatures
  4 wights (D:4)
  A gnoll (D:4)
  2 adders
  A dart slug (D:1)
  3 orcs (D:4)
  4 ball pythons
  3 giant cockroaches
  A goblin (D:2)
  3 hobgoblins
  2 jackals (D:1)
  A quokka (D:2)
  2 bats (D:1)
  A kobold (D:4)
28 creatures vanquished.

Vanquished Creatures (others)
  2 plants (D:1)
2 creatures vanquished.

Grand Total: 30 creatures vanquished

Notes
Turn   | Place    | Note
-------+----------+-------------------------------------------
     0 | D:1      | nxtlvl the Naga Gladiator began the quest for the Orb.
     0 | D:1      | Reached XP level 1. HP: 19/19 MP: 1/1
    96 | D:2      | Reached XP level 2. HP: 24/26 MP: 2/2
   442 | D:3      | Reached XP level 3. HP: 28/33 MP: 3/3
   514 | D:4      | Reached skill level 4 in Axes
   645 | D:4      | Reached XP level 4. HP: 6/40 MP: 4/4
   706 | D:4      | Reached skill level 5 in Axes
   706 | D:4      | Reached XP level 5. HP: 31/50 MP: 5/5
   723 | D:4      | Reached XP level 6. HP: 20/60 MP: 6/6
   736 | D:4      | HP: 2/54 [wight/+0 war axe (1)]
   737 | D:4      | Slain by a wight

Illustrated notes

Levels and vault maps discovered:
D:1:      dpeg_arrival_ternary, layout_loops_ring, serial_aquarium,
          aquarium_bridge_long_separate [aquarium_subvault_balcony,
          aquarium_subvault_wall, aquarium_subvault_bridge,
          aquarium_subvault_bridge, aquarium_subvault_wall,
          aquarium_subvault_bridge], aquarium_bridge_square
          [aquarium_subvault_bridge, aquarium_subvault_balcony,
          aquarium_subvault_wall, aquarium_subvault_bridge], aquarium_window_2,
          aquarium_window_fake, aquarium_window_corridor_1,
          aquarium_window_fake, aquarium_view_2e, aquarium_view_2b,
          aquarium_pool_2, shapermc_ecumenical_altar_starsandcircs,
          serial_bayou_pond_d, chequers_big_river
D:2:      layout_loops_ring, uniq_natasha, uniq_jessica
D:3:      layout_loops_cross, gammafunk_temple_overflow_elements,
          serial_co_window_serial, co_window_corner_a, co_window_paths_a,
          co_window_corner_a, co_window_paths_a, co_window_of_opportunity_a,
          co_window_paths_a, co_window_paths_b, co_window_corner_b,
          co_window_broadway_c, co_window_broadway_b, co_window_4corner_b,
          co_window_paths_e, glass_columns_c, glass_columns_a
D:4:      layout_loops_cross, grunt_gozag_statues

Skill      XL: |  1  2  3  4  5 |
---------------+----------------+-----
Axes           | 4 5 |  5.0
Fighting       | 3 4 |  4.9
Throwing       | |  1.7
Dodging        | |  2.4

Action                   |  1- 3 |  4- 6 || total
-------------------------+-------+-------++-------
Melee: War axe           |    42 |    29 ||    71
       Punch             |       |     1 ||     1
Throw: Throwing net      |       |     1 ||     1
 Abil: Spit Poison       |     6 |       ||     6
  Use: Potion            |       |     6 ||     6
 Stab: Sleeping          |     1 |       ||     1
Armor: Leather armour    |     8 |       ||     8
       Chain mail        |     3 |     3 ||     6
Dodge: Dodged            |    24 |     9 ||    33
Block: Other             |    12 |     7 ||    19

Table legend: (Time is in decaauts)
 A = Elapsed time spent in this place.
 B = Non-inter-level travel time spent in this place.
 C = Inter-level travel time spent in this place.
 D = Time resting spent in this place.
 E = Time spent auto-exploring this place.
 F = Levels seen in this place.
 G = Mean time per level.
                   A        B        C        D        E       F      G
               +--------+--------+--------+--------+--------+-----+--------+
         Total |    989 |    982 |      7 |      0 |      0 |   4 |  247.2 |
       Dungeon |    989 |    982 |      7 |      0 |      0 |   4 |  247.2 |
               +--------+--------+--------+--------+--------+-----+--------+

Top non-repeatable levels by time:
     D:4: 346 daAuts
     D:1: 307 daAuts
     D:2: 283 daAuts
     D:3: 52 daAuts
